 Dungeon Crawl Stone Soup version 0.29.0-11-gd7f09526c8 (webtiles) character file.

Game seed: 12654776650988468214

10 blackman the Sneak (level 2, -1/24 HPs)
             Began as a Demonspawn Delver on Sept 3, 2022.
             Killed from afar by an orc wizard (5 damage)
             ... with a magic dart
             ... on level 5 of the Dungeon.
             The game lasted 00:01:54 (393 turns).

blackman the Sneak (Demonspawn Delver)               Turns: 393, Time: 00:01:55

Health: -1/24      AC:  6    Str: 12    XL:     2   Next: 10%
Magic:  2/2        EV: 11    Int: 11    God:
Gold:   0          SH:  0    Dex: 14    Spells: 1/1 levels left

rFire   . . .      SeeInvis .   a - +0 hand axe
rCold   . . .      Faith    .   (no shield)
rNeg    . . .      Spirit   .   b - +0 leather armour
rPois   .          Reflect  .   (no helmet)
rElec   .          Harm     .   h - +2 cloak
rCorr   .          Rampage  .   (no gloves)
Will    .....                   (no boots)
Stlth   +.........              (no amulet)
HPRegen 0.08/turn               (no ring)
MPRegen 0.08/turn               (no ring)

@: confused, hasted, very quick
A: weakness stinger 1
a: no special abilities


You were on level 5 of the Dungeon.
You visited 1 branch of the dungeon, and saw 1 of its levels.

Inventory:

Hand Weapons
 a - a +0 hand axe (weapon)
Armour
 b - a +0 leather armour (worn)
 h - a +2 cloak (worn)
Wands
 g - a wand of digging (3)
Scrolls
 c - a scroll of fog
 e - a scroll of fear
 i - a scroll of butterflies {unknown}


   Skills:
 - Level 3.0 Fighting
 + Level 2.5 Axes
 - Level 1.7 Dodging
 - Level 4.5 Stealth


You had one spell level left.
You didn't know any spells.
Your spell library was empty.

Dungeon Overview and Level Annotations

Branches:
Dungeon (5/15)
 Temple: D:4-7

Altars:


Innate Abilities, Weirdness & Mutations

You have a small tail.


Message History

There is an open door here.
The orc wizard shouts! x2; You hear a bark!
You close the door.
You open the large door.
The orc wizard gestures wildly while chanting.
The orc wizard flickers and vanishes!
Deactivating autopickup; reactivate with Ctrl-A.
There is a large open translucent door here.
You barely miss the orc wizard. You miss something.
Something completely misses you.
You slash the orc wizard!
The orc wizard is heavily wounded.
You barely miss something. You hit the orc wizard.
You hear some strange, mumbled words.
You are confused.
The orc wizard hits you with a +0 dagger. x2
You hit the orc wizard.
The orc wizard is heavily wounded.
You hit the orc wizard but do no damage.
You miss something. You closely miss something. You miss the orc wizard.
You closely miss the orc wizard. The orc wizard barely misses you.
You hear some strange, mumbled words.
A puff of flame appears from out of thin air!
The puff of flame hits you!
* * * LOW HITPOINT WARNING * * *
The orc wizard hits you but does no damage.
The orc wizard hits you but does no damage.
The orc wizard casts a spell.
The orc wizard flickers and vanishes!
You hit the orc wizard but do no damage.
The orc wizard is moderately wounded.
You hit something.
A hound comes into view.
The orc wizard hits you with a +0 dagger.
* * * LOW HITPOINT WARNING * * *
You hear some strange, mumbled words.
A magic dart appears from out of thin air!
The magic dart hits you.
You die...

**,,,,#.########
****,,,,,#........#######
*,,,,,*,,#..........[†..#######*
*,*,,,,,,#.#...Y######.........,
*,,,***.##.#..h.#⌠,,,##.##.###**
**,***,....(.8+8#,,_,,#.#*,# *
*,* *,#.....#.######.#.#*?# * *,*
*,#.#.#.#..{{....#.##.##### * *,*
*,#,#,.,#.@o.....#.........
***,***,*,*##,#.######h#..#######
,,,,,,,,,,* *.8+8*,,_,,#.## #
,,,,,,,,,,**#..,.*⌠,,,##.# #
,,***,,*,,,......######..# # *,*
*,,,,,###......h.....########
,<***,,*,** ####.####............
*,,,,,,,,*** *,* #.###########
,,,,,,*,^,,*****,* #.#


You could see a hound and an orc wizard.

Vanquished Creatures
  An adder (D:5)
  A quokka (D:5)
2 creatures vanquished.

Notes
Turn   | Place    | Note
-------+----------+-------------------------------------------
     0 | D:5      | blackman the Demonspawn Delver began the quest for the Orb.
     0 | D:5      | Reached XP level 1. HP: 18/18 MP: 1/1
    46 | D:5      | Gained mutation: You have a small tail. [demonic ancestry]
    46 | D:5      | Reached XP level 2. HP: 13/24 MP: 2/2
   122 | D:5      | Noticed an ice beast
   355 | D:5      | Noticed a black bear
   382 | D:5      | Found a large runed translucent door.
   383 | D:5      | Found a large runed translucent door.
   393 | D:5      | Killed from afar by an orc wizard

Illustrated notes

Levels and vault maps discovered:
D:5:      layout_loops_ring, jmf_multi_god_temple2, nicolae_stop_n_shop_1,
          chequers_mini_garden, kennysheep_path_1, kennysheep_small_circle

Skill      XL: |  1 |
---------------+----+-----
Axes           | 2 |  2.5
Fighting       | |  3.0
Dodging        | |  1.7
Stealth        | |  4.5

Action                   || total
-------------------------++-------
Melee: Hand axe          ||    27
  Use: Scroll            ||     1
       Potion            ||     1
 Stab: Sleeping          ||     1
Armor: Leather armour    ||    14
Dodge: Dodged            ||    20
